 Dungeon Crawl Stone Soup version 0.22-a0-609-gfedc9ff (webtiles) character file.

2612 Hebeh the Destroyer (level 9, 0/49 HPs)
             Began as a Deep Elf Fire Elementalist on July 10, 2018.
             Was a Follower of Vehumet.
             Killed by nerve-wracking pain
             ... invoked by an orc priest
              (14 damage)
             ... on level 8 of the Dungeon on July 11, 2018.
             The game lasted 00:57:14 (7873 turns).

Hebeh the Destroyer (Deep Elf Fire Elementalist)    Turns: 7873, Time: 00:57:15

Health: 0/49       AC:  5    Str:  5    XL:     9   Next: 34%
Magic:  23/23      EV: 13    Int: 24    God:    Vehumet [*.....]
Gold:   125        SH:  0    Dex: 15    Spells: 12/24 levels left

rFire    . . .     SeeInvis .   b - +0 hunting sling
rCold    . . .     Gourm    .   (no shield)
rNeg     . . .     Faith    .   o - +0 robe
rPois    .         Spirit   .   (no helmet)
rElec    .         Reflect  .   g - +0 cloak
rCorr    .         Harm     .   z - +0 pair of gloves
MR       .....                  k - +0 pair of boots
Stlth    ++........             h - amulet of magic regeneration
HPRegen  0.16/turn              x - ring of wizardry
MPRegen  0.43/turn              C - ring of flight

@: no status effects
A: no striking features
a: Renounce Religion, Evoke Flight


You were on level 8 of the Dungeon.
You worshipped Vehumet.
Vehumet was aware of your devotion.
You were not hungry.

You visited 2 branches of the dungeon, and saw 9 of its levels.

You collected 308 gold pieces.
You spent 183 gold pieces at shops.

Inventory:

Hand Weapons
 a - a +2 short sword of electrocution
 b - a +0 hunting sling (weapon)
 q - a +1 spear of piercing
 J - a +1 hand axe of draining
 K - a +0 war axe of venom
 P - a +2 hand crossbow of velocity
 Q - the cursed +3 whip "Itwophuc" {vamp, +Blink Int-3 SInv, unknown}
   (You took it off an orc on level 7 of the Dungeon)

   It inflicts no extra harm, but heals its wielder when it wounds a living foe.
   It affects your intelligence (-3).
   It lets you see invisible.
   It lets you blink.
   It has a curse placed upon it.
Missiles
 e - 23 sling bullets (quivered)
 i - 215 stones
 m - 17 javelins
 v - 16 tomahawks
 y - 5 throwing nets
Armour
 g - a +0 cloak (worn)
 k - a +0 pair of boots (worn)
 o - a +0 robe (worn)
 z - a +0 pair of gloves (worn)
 M - a +1 helmet
Jewellery
 h - an amulet of magic regeneration (around neck)
 j - an uncursed amulet of faith
 u - an uncursed amulet of regeneration
 x - a ring of wizardry (left hand)
 C - a ring of flight (right hand)
Wands
 E - a wand of digging (15)
 N - a wand of acid (6)
Scrolls
 d - 4 scrolls of immolation
 l - 3 scrolls of remove curse
 p - 6 scrolls of teleportation
 r - 2 scrolls of fear
 s - 4 scrolls of identify
 t - a scroll of fog {unknown}
 w - 2 scrolls of noise {unknown}
 A - a scroll of summoning {unknown}
 B - a scroll of blinking
 D - 2 scrolls of amnesia {unknown}
Potions
 f - 2 potions of curing
 n - a potion of brilliance
 F - 2 potions of agility
 G - 2 potions of haste {unknown}
 H - a potion of degeneration {unknown}
 I - a potion of magic {unknown}
 L - a potion of lignification {unknown}
 O - a potion of resistance {unknown}
Comestibles
 c - 9 rations


   Skills:
 + Level 2.9 Fighting
 - Level 2.4 Dodging
 - Level 2.4 Stealth
 + Level 8.0 Spellcasting
 * Level 9.1 Conjurations
 * Level 8.2 Fire Magic


You had 12 spell levels left.
You knew the following spells:

 Your Spells              Type           Power        Failure   Level  Hunger
a - Flame Tongue          Conj/Fire      #####        1%          1    None
b - Throw Flame           Conj/Fire      ######       1%          2    None
c - Conjure Flame         Conj/Fire      ######..     1%          3    None
d - Fireball              Conj/Fire      ######....   1%          5    #####..
e - Freeze                Ice            #...         2%          1    None

Your spell library contained the following spells:

 Spells                   Type           Power        Failure   Level  Hunger
 Sticky Flame             Conj/Fire      ######..     1%          4    ##.....
 Inner Flame              Hex/Fire       ####....     1%          3    None


Dungeon Overview and Level Annotations

Branches:
Dungeon (8/15)             Temple (1/1) D:4            Lair (0/6) D:8

Altars:
Ashenzari
Cheibriados
Elyvilon
Fedhas
Gozag
Hepliaklqana
Makhleb
Qazlal
Ru
Sif Muna
Trog
Vehumet
Xom
The Shining One

Shops:
D:4 *%   D:5 *

Annotations:
D:5 3 runed doors, gmonis's ghost, novice MiBe


Message History

You hear a shout! x2
Found a staircase to the Lair.
You hear a howl!
Casting: Flame Tongue (safe; 1% risk of failure)
Confirm with . or Enter, or press ? or * to list all spells.
Aiming: Conjure Flame (safe; 1% risk of failure)
Press: ? - help, Dir - move target cursor The fire ignites!
The orc priest mumbles some strange prayers to Beogh against you.
Pain shoots through your body!
A wight comes into view. It is wielding a battleaxe.
The orc priest invokes the aid of Beogh against you.
Beogh smites you!
You hear a shout!
The orc priest mumbles some strange prayers to Beogh against you.
Beogh smites you!
* * * LOW HITPOINT WARNING * * *
The orc priest calls down the wrath of Beogh upon you.
Pain shoots through your body!
You die...

. ... #. #.# ###
.##.# #.## .#.#
#..## ..# #<..##
#.# #....##
#.##.#####.....#
#..............#
......######.@....#
### ##.### ##.##..#
#.# # #.##..# ##.##
#.##..# #...#
#.##.######.#
#o##....)...#
#h###########
#z........#
#...#####.#


You could see a warg, a wight and an orc priest.

Vanquished Creatures
  A hippogriff (D:7)
  Sigmund (D:4)
  A hungry ghost (D:8)
  A sky beast (D:5)
  A black bear (D:7)
  A necrophage (D:7)
  An orc warrior (D:7)
  An ice beast (D:5)
  A phantom (D:4)
  An ogre (D:7)
  A centaur (D:3)
  Blork the orc (D:3)
  3 scorpions
  A howler monkey (D:5)
  2 crimson imps
  4 jellies
  2 hounds
  2 orc priests
  3 centaur skeletons
  6 orc wizards
  Jessica (D:3)
  Natasha (thrice) (D:3)
  An iguana (D:4)
  6 worker ants
  A hound zombie (D:5)
  3 hound skeletons
  A worker ant zombie (D:7)
  4 adders
  10 gnolls
  A howler monkey skeleton (D:4)
  8 oozes (D:2)
  An adder zombie (D:5)
  An adder skeleton (D:5)
  A worm (D:5)
  2 dart slugs (D:1)
  5 leopard geckos
  25 orcs
  2 bats (D:3)
  3 giant cockroaches
  12 goblins
  6 hobgoblins
  3 quokkas
  2 ball pythons
  4 frilled lizards
  17 kobolds
  7 rats
165 creatures vanquished.

Vanquished Creatures (others)
  9 toadstools (D:2)
9 creatures vanquished.

Grand Total: 174 creatures vanquished

Notes
Turn   | Place    | Note
-------+----------+-------------------------------------------
     0 | D:1      | Hebeh the Deep Elf Fire Elementalist began the quest for the Orb.
     0 | D:1      | Reached XP level 1. HP: 10/10 MP: 6/6
   187 | D:1      | Reached XP level 2. HP: 15/15 MP: 6/8
   345 | D:1      | Reached skill level 2 in Conjurations
   767 | D:1      | Reached XP level 3. HP: 12/19 MP: 8/10
   933 | D:1      | Learned a level 2 spell: Throw Flame
   937 | D:1      | Learned a level 3 spell: Conjure Flame
  1422 | D:2      | Reached skill level 3 in Conjurations
  1452 | D:2      | Reached XP level 4. HP: 24/24 MP: 8/12
  1585 | D:2      | Reached skill level 4 in Conjurations
  1585 | D:2      | Reached XP level 5. HP: 28/28 MP: 10/13
  1748 | D:3      | Noticed Natasha
  1751 | D:3      | Killed Natasha
  1775 | D:3      | Noticed Natasha
  1778 | D:3      | Killed Natasha
  1778 | D:3      | Reached XP level 6. HP: 32/32 MP: 8/15
  1878 | D:3      | Reached skill level 5 in Spellcasting
  1880 | D:3      | Reached skill level 5 in Conjurations
  1945 | D:3      | Noticed Jessica
  1948 | D:3      | Killed Jessica
  1995 | D:3      | Noticed Blork the orc
  2008 | D:3      | Killed Blork the orc
  2008 | D:3      | Reached skill level 5 in Fire Magic
  2202 | D:3      | Found a deep blue altar of Sif Muna.
  2415 | D:3      | Noticed Natasha
  2421 | D:3      | Killed Natasha
  2787 | D:3      | Reached XP level 7. HP: 13/36 MP: 13/17
  3205 | D:4      | Found a staircase to the Ecumenical Temple.
  3225 | D:4      | Reached skill level 6 in Conjurations
  3273 | Temple   | Entered the Ecumenical Temple
  3329 | Temple   | Became a worshipper of Vehumet
  3743 | D:4      | Found Lutorr's Assorted Antiques.
  3751 | D:4      | Bought a scroll of identify for 54 gold pieces
  3751 | D:4      | Bought a scroll labeled DAPRUZ XUDY for 27 gold pieces
  3751 | D:4      | Bought a scroll labeled UKAEBL RIUX for 27 gold pieces
  3759 | D:4      | Learned a level 5 spell: Fireball
  4088 | D:4      | Reached skill level 7 in Conjurations
  4186 | D:4      | Found Zuokh's Food Emporium.
  4235 | D:4      | Noticed Sigmund
  4241 | D:4      | Killed Sigmund
  4241 | D:4      | Reached XP level 8. HP: 42/42 MP: 7/19
  4393 | D:5      | Entered Level 5 of the Dungeon
  4400 | D:5      | Found a shimmering altar of Xom.
  4408 | D:5      | Found a white marble altar of Elyvilon.
  4411 | D:5      | Reached skill level 1 in Fighting
  4467 | D:5      | Found a runed gate.
  4467 | D:5      | Found a runed gate.
  4467 | D:5      | Found a runed gate.
  4479 | D:5      | Reached * piety under Vehumet
  4479 | D:5      | Offered knowledge of Freeze by Vehumet.
  4871 | D:5      | Found Ycicarayn's Assorted Antiques.
  4893 | D:5      | Learned a level 1 spell: Freeze
  4910 | D:5      | Bought a scroll of remove curse for 75 gold pieces
  4936 | D:5      | Found a snail-covered altar of Cheibriados.
  5247 | D:5      | Noticed gmonis's ghost (novice MiBe)
  5350 | D:6      | Reached skill level 8 in Conjurations
  6527 | D:7      | Reached XP level 9. HP: 49/49 MP: 18/22
  7294 | D:7      | Reached skill level 9 in Conjurations
  7587 | D:7      | Got a translucent whip {vamp}
  7674 | D:7      | Found a sacrificial altar of Ru.
  7855 | D:8      | Found a staircase to the Lair.
  7873 | D:8      | Killed from afar by an orc priest

Vault maps used:
D:1:      shiori_arrival_whats_in_store_for_you, lemuel_old_faithful
D:2:      cheibrodos_fertilizer
D:3:      tgw_sif, uniq_jessica, uniq_natasha
D:4:      minmay_temple_entry_statues, serial_shops, shop, nicolae_shop_crystal,
          corner_web_ring, uniq_sigmund
D:5:      grunt_temple_overflow_open, cheibriados_altar_1, serial_shops,
          nicolae_shop_crystal, first_ration, gammafunk_ghost_icy
D:7:      nicolae_ru_path_of_blood
D:8:      lemuel_doored_altar, minmay_overflow_temple_star_hex,
          amethyst_overflow_temple_binary, erik_lair_orcish_takeover,
          minivault_23
Temple:   jpeg_temple_island

Skill      XL: |  1  2  3  4  5  6  7  8  9 |
---------------+----------------------------+-----
Conjurations   | 2 3 4 5 7 8 9 |  9.1
Spellcasting   | 4 5 6 7 8 |  8.0
Fire Magic     | 4 5 6 7 8 |  8.2
Fighting       | 2 |  2.9
Dodging        | |  2.4
Stealth        | |  2.4

Action                   |  1- 3 |  4- 6 |  7- 9 || total
-------------------------+-------+-------+-------++-------
Melee: Short sword       |       |     1 |       ||     1
 Fire: Hunting sling     |    22 |    18 |    10 ||    50
Throw: Stone             |     7 |       |       ||     7
 Cast: Flame Tongue      |    67 |    47 |   144 ||   258
       Conjure Flame     |       |     1 |     9 ||    10
       Throw Flame       |       |    28 |    80 ||   108
       Fireball          |       |       |     7 ||     7
       Freeze            |       |       |     7 ||     7
 Abil: Stop Flying       |       |       |     1 ||     1
       Evoke Flight      |       |       |     1 ||     1
  Use: Scroll            |     1 |     4 |     3 ||     8
  Eat: Chunk             |     1 |     5 |     8 ||    14
       Ration            |       |       |     4 ||     4
Armor: Robe              |    10 |     2 |    21 ||    33
Dodge: Dodged            |    28 |     8 |    56 ||    92

Table legend:
 A = Spawn XP
 B = Non-spawn XP
 C = Spawn XP percentage of total XP
 D = Spawn monster count
 E = Non-spawn monster count
 F = Spawn count percentage of total count
 G = Total turns spent on level
                    A         B        C        D         E        F      G
               +---------+---------+-------+---------+---------+-------+---------
         Total |       0 |    3732 |   0.0 |       0 |     165 |   0.0 |  7873
               +---------+---------+-------+---------+---------+-------+---------
           D:1 |       0 |      43 |   0.0 |       0 |      24 |   0.0 |  1068
           D:2 |       0 |     287 |   0.0 |       0 |      31 |   0.0 |   634
           D:3 |       0 |     479 |   0.0 |       0 |      29 |   0.0 |  1589
           D:4 |       0 |     744 |   0.0 |       0 |      26 |   0.0 |  1032
           D:5 |       0 |     616 |   0.0 |       0 |      15 |   0.0 |   907
           D:6 |       0 |     365 |   0.0 |       0 |      24 |   0.0 |  1113
           D:7 |       0 |    1018 |   0.0 |       0 |      15 |   0.0 |  1327
           D:8 |       0 |     180 |   0.0 |       0 |       1 |   0.0 |   133
               +---------+---------+-------+---------+---------+-------+---------
